 Dungeon Crawl Stone Soup version 0.19-a0-1740-g0bcaf2e (webtiles) character file.

91 aronpayne the Grave Robber (level 4, 0/32 HPs)
             Began as a Human Necromancer on Oct 1, 2016.
             Killed from afar by Draxdyn's ghost (8 damage)
             ... with a magic dart
             ... on level 3 of the Dungeon.
             The game lasted 00:12:48 (2298 turns).

aronpayne the Grave Robber (Human Necromancer)      Turns: 2298, Time: 00:12:49

Health: 0/32       AC:  3    Str:  8    XL:     4   Next: 87%
Magic:  7/7        EV: 15    Int: 16    God:
Gold:   136        SH:  7    Dex: 19    Spells: 2 memorised, 5 levels left

rFire  . . .     SeeInvis .     e - +0 whip (elec)
rCold  . . .     Gourm    .     h - +1 robe {MR+}
rNeg   . . .     Faith    .     m - +0 shield
rPois  .         Spirit   .     (no helmet)
rElec  .         Dismiss  .     (no cloak)
rCorr  .         Reflect  .     (no gloves)
MR     +....     Harm     .     (no boots)
Stlth  +++.......               (no amulet)
                                (no ring)
                                (no ring)

@: agile
A: no striking features
a: no special abilities


You were on level 3 of the Dungeon.
You were not hungry.

You visited 1 branch of the dungeon, and saw 3 of its levels.

You collected 136 gold pieces.

Inventory:

Hand Weapons
 e - a +0 whip of electrocution (weapon)
Armour
 h - a +1 robe of magic resistance (worn)
 m - a +0 shield (worn)
Scrolls
 d - 6 scrolls of remove curse {unknown}
 f - a scroll of enchant armour {unknown}
 g - a scroll of amnesia {unknown}
 j - a scroll of teleportation {unknown}
 k - a scroll of identify {unknown}
 o - a scroll of noise {unknown}
 q - 2 scrolls of recharging {unknown}
Potions
 n - a potion of lignification {unknown}
 r - a potion of degeneration {unknown}
Books
 b - a book of Necromancy

   Spells                             Type                      Level
   a - Pain                           Necromancy                   1
   b - Animate Skeleton               Necromancy                   1
   c - Vampiric Draining              Necromancy                   3
   d - Regeneration                   Charms/Necromancy            3
   e - Animate Dead                   Necromancy                   4
   f - Control Undead                 Necromancy                   4
Comestibles
 a - a slice of pizza
 c - 3 bread rations
 i - 2 beef jerkies
 p - 10 chunks of flesh


   Skills:
 + Level 1.2 Fighting
 + Level 1.2 Maces & Flails
 + Level 0.2 Armour
 + Level 2.4 Dodging
 + Level 2.4 Stealth
 + Level 0.0 Shields
 + Level 2.4 Spellcasting
 + Level 4.6 Necromancy


You had 5 spell levels left.
You knew the following spells:

 Your Spells              Type           Power        Failure   Level  Hunger
a - Pain                  Necr           ###.         24%         1    #......
b - Animate Skeleton      Necr           N/A          24%         1    #......


Dungeon Overview and Level Annotations

Branches:
Dungeon (3/15)

Altars:
Cheibriados
Okawaru
Xom

Annotations:
D:3 Draxdyn's ghost, amateur DECj


Message History

Your magical contamination has completely faded away.
Casting: Animate Skeleton
Confirm with . or Enter, or press ? or * to list all spells.
You can't see any susceptible monsters within range! (Use Z to cast anyway.)
Your frilled lizard skeleton bites Draxdyn's ghost but does no damage.
Casting: Animate Skeleton
Confirm with . or Enter, or press ? or * to list all spells.
You can't see any susceptible monsters within range! (Use Z to cast anyway.)
Press: ? - help, v - describe, . - travel
Here: Draxdyn's ghost, wielding a weapon of freezing The floor.
There is an open door here.
You see here a stone.
Your frilled lizard skeleton bites Draxdyn's ghost but does no damage.
Draxdyn's ghost casts a spell at you. The magic dart hits you!
* * * LOW HITPOINT WARNING * * *
Draxdyn's ghost points at you and mumbles some strange words.
The magic dart hits you!
You die...

##.########.........#
..........#.#.......#
##.######.._........#
##.# ###.#.......#
##+##### #....%.....#
.......# #..........#
.......# #....##'####
.......# #######.########
.......+ .......@........
.......##########.#######
..#........ #..#
....###..... ##.# ♣...#
...... #W## .♣...# ......
#..# ♣.♣..#
........###Z#######.
.♣...#
.................... ♣
...# ....####.######.


You could see Draxdyn's ghost and a friendly frilled lizard skeleton.

Vanquished Creatures
  Jessica (D:2)
  A dart slug (D:1)
  A worm (D:2)
  3 leopard geckos (D:2)
  2 orcs (D:3)
  2 giant cockroaches
  5 goblins (D:1)
  A hobgoblin (D:2)
  5 jackals
  6 bats
  4 frilled lizards
  5 kobolds
  6 rats
42 creatures vanquished.

Vanquished Creatures (collateral kills)
  An ooze (D:1)
  2 dart slugs
  2 leopard geckos (D:2)
  An orc (D:3)
  2 bats (D:2)
  2 hobgoblins (D:2)
  A goblin (D:1)
11 creatures vanquished.

Grand Total: 53 creatures vanquished

Notes
Turn   | Place    | Note
-------+----------+-------------------------------------------
     0 | D:1      | aronpayne the Human Necromancer began the quest for the Orb.
     0 | D:1      | Reached XP level 1. HP: 13/13 MP: 3/3
     2 | D:1      | Learned a level 1 spell: Animate Skeleton
   510 | D:1      | Noticed a big kobold
   510 | D:1      | Noticed a big kobold
   510 | D:1      | Noticed a big kobold
   512 | D:1      | Noticed a big kobold
   512 | D:1      | Reached XP level 2. HP: 19/19 MP: 5/5
   780 | D:1      | Reached XP level 3. HP: 11/24 MP: 6/6
  1020 | D:1      | You fall through a shaft!
  1020 | D:2      | Noticed Jessica
  1030 | D:2      | Killed Jessica
  1030 | D:2      | Reached skill level 1 in Maces & Flails
  1030 | D:2      | Reached XP level 4. HP: 19/31 MP: 7/7
  1290 | D:2      | Reached skill level 1 in Fighting
  1302 | D:2      | Found a shimmering altar of Xom.
  1303 | D:2      | Found a shimmering altar of Xom.
  2144 | D:3      | Found an iron altar of Okawaru.
  2199 | D:3      | Found a snail-covered altar of Cheibriados.
  2273 | D:3      | Noticed Draxdyn's ghost (amateur DECj)
  2298 | D:3      | Killed from afar by Draxdyn's ghost

Vault maps used:
D:1:      erik_arrival_cave_to_civilisation, minivault_23
D:2:      xom_redecorated, uniq_jessica
D:3:      lemuel_crystal_altar, okawaru_trees_2

Skill      XL: |  1  2  3  4 |
---------------+-------------+-----
Maces & Flails | 1 |  1.2
Fighting       | 1 |  1.2
Armour         | |  0.2
Dodging        | |  2.4
Stealth        | |  2.4
Spellcasting   | |  2.4
Necromancy     | |  4.6

Action                   |  1- 3 |  4- 6 || total
-------------------------+-------+-------++-------
Melee: Unarmed           |    14 |       ||    14
       Whip              |    58 |    79 ||   137
 Cast: Pain              |     6 |     1 ||     7
       Animate Skeleton  |     7 |    18 ||    25
  Use: Potion            |       |     1 ||     1
 Stab: Sleeping          |     1 |     2 ||     3
  Eat: Chunk             |     1 |     4 ||     5
Armor: Robe              |    10 |    19 ||    29
Dodge: Dodged            |    71 |    45 ||   116
Block: Shield            |       |    16 ||    16
